 Dungeon Crawl Stone Soup version 0.30-a0-1043-g60ff8d5f49 (webtiles) character file.

Game seed: 3639650476120795473

7 hwolsky the Shield-Bearer (level 2, -6/24 HPs)
             Began as a Formicid Fighter on Apr 10, 2023.
             Mangled by a gnoll
             ... wielding a +0 flail
              (8 damage)
             ... on level 1 of the Dungeon.
             The game lasted 00:01:23 (89 turns).

hwolsky the Shield-Bearer (Formicid Fighter)          Turns: 89, Time: 00:01:26

Health: -6/24      AC:  6    Str: 20      XL:     2   Next: 10%
Magic:  1/1        EV:  9    Int:  7      God:
Gold:   17         SH:  5    Dex: 12 (13) Spells: 1/1 levels left

rFire   . . .      SeeInvis +    a - +0 long sword
rCold   . . .      Faith    .    c - +0 buckler
rNeg    . . .      Spirit   .    b - +0 scale mail
rPois   .          Reflect  .    (helmet unavailable)
rElec   .          Rampage  .    (no cloak)
rCorr   .                        (no gloves)
Will    .....                    (no boots) Stlth
                                 (no amulet)
HPRegen 0.24/turn                (no ring)
MPRegen 0.07/turn                (no ring)

@: mighty, very slow
A: permanent stasis, dig shafts and tunnels, antennae 3, four strong arms,
deterioration 1, low MP 1
a: Dig, Shaft Self


You were on level 1 of the Dungeon.
You visited 1 branch of the dungeon, and saw 1 of its levels.

You collected 17 gold pieces.

Inventory:

Hand Weapons
 a - a +0 long sword (weapon)
Armour
 b - a +0 scale mail (worn)
 c - a +0 buckler (worn)


   Skills:
 + Level 3.4 Fighting
 + Level 2.1 Long Blades
 + Level 3.4 Armour
 + Level 4.2 Shields


You had one spell level left.
You didn't know any spells.
Your spell library was empty.

Dungeon Overview and Level Annotations

Branches:
Dungeon (1/15)

Altars:


Innate Abilities, Weirdness & Mutations

You cannot be hasted, slowed, berserked, paralysed or teleported.
You can dig through walls and to a lower floor.
You have a pair of large antennae on your head. (SInv)
Your four strong arms can wield two-handed weapons with a shield.
Your body sometimes deteriorates upon taking damage.
Your magical capacity is low. (-10% MP)


Message History

You closely miss the jackal. The jackal barely misses you.
You block the jackal's attack.
Your unstable footing causes you to fumble your attack.
The jackal splashes around in the water.
You block the jackal's attack.
You hit the jackal.
You kill the jackal!
A gnoll comes into view. It is wielding a +0 flail.
The gnoll shouts!
Things that are here:
a jackal corpse; a bat corpse Why would you want to do that?
Why would you want to do that? Why would you want to do that?
Why would you want to do that? Why would you want to do that?
A gnoll is nearby!
Found 15 gold pieces.
Your unstable footing causes you to fumble your attack.
Your unstable footing causes you to fumble your attack.
You block the gnoll's attack.
Your unstable footing causes you to fumble your attack.
You block the gnoll's attack.
You hit the gnoll.
The gnoll is lightly wounded.
The gnoll hits you with a +0 flail. The gnoll hits you with a +0 flail!
You barely miss the gnoll.
The gnoll is lightly wounded.
The gnoll hits you with a +0 flail.
You hit the gnoll but do no damage.
The gnoll is lightly wounded.
The gnoll hits you with a +0 flail. You block the gnoll's attack.
You slash the gnoll!
The gnoll is almost dead.
The gnoll hits you with a +0 flail!
* * * LOW HITPOINT WARNING * * *
Your body deteriorates!
You feel clumsy.
You feel very mighty all of a sudden. The gnoll hits you with a +0 flail!
You die...

#.. .$..# .####..#....##
.......:.....#.#
.............#.##....
.....................
..P~~~.....~.~~.....####
~..~~PgP~~~~.~~~≈≈≈≈≈≈≈≈
≈~~≈≈≈~@~~.~≈≈≈≈≈≈≈≈≈≈≈≈
≈≈≈≈≈~~~≈≈≈≈≈≈≈≈~~~~≈≈≈#
≈≈≈≈~~≈≈†~≈~≈≈~~~~..~###
≈≈P~~~..~...~†~.~.......
~~..~........†..........
.~~....#....#####.......
............#####.......
.######.................
##....####.####...#


You could see a gnoll.

Vanquished Creatures
  4 jackals (D:1)
  A quokka (D:1)
  A bat (D:1)
6 creatures vanquished.

Vanquished Creatures (others)
  6 plants (D:1)
6 creatures vanquished.

Grand Total: 12 creatures vanquished

Notes
Turn   | Place    | Note
-------+----------+-------------------------------------------
     0 | D:1      | hwolsky the Formicid Fighter began the quest for the Orb.
     0 | D:1      | Reached XP level 1. HP: 18/18 MP: 1/1
    13 | D:1      | Gained mutation: Your magical capacity is low. (-10% MP)
                  | [potion of mutation]
    13 | D:1      | Gained mutation: Your body sometimes deteriorates upon
                  | taking damage. [potion of mutation]
    67 | D:1      | Reached XP level 2. HP: 20/24 MP: 1/1
    88 | D:1      | HP: 1/24 [gnoll/+0 flail (8)]
    89 | D:1      | Mangled by a gnoll

Illustrated notes

Levels and vault maps discovered:
D:1:      onia_arrival_pentagram, layout_basic, chequers_big_river

Action                     || total
---------------------------++-------
  Melee: Long sword        ||    36
Ability: Dig               ||     1
    Use: Potion            ||     2
 Armour: Scale mail        ||     7
  Dodge: Dodged            ||    10
  Block: Buckler           ||    14

Table legend: (Time is in decaauts)
 A = Elapsed time spent in this place.
 B = Non-inter-level travel time spent in this place.
 C = Inter-level travel time spent in this place.
 D = Time resting spent in this place.
 E = Time spent auto-exploring this place.
 F = Levels seen in this place.
 G = Mean time per level.
                   A        B        C        D        E       F      G
               +--------+--------+--------+--------+--------+-----+--------+
         Total |    103 |    103 |      0 |      0 |     16 |   1 |  103.0 |
       Dungeon |    103 |    103 |      0 |      0 |     16 |   1 |  103.0 |
               +--------+--------+--------+--------+--------+-----+--------+

Top non-repeatable levels by time:
     D:1: 103 daAuts
